 Dungeon Crawl Stone Soup version coffee-0.2.0 (webtiles) character file.

Game seed: 2471729061058308236, levelgen mode: deterministic

441 Dorkslayer the Shield-Bearer (level 6, -1/51 HPs)
             Began as a Demigod Fighter on Oct 17, 2020.
             Killed from afar by an orc wizard (11 damage)
             ... with a puff of flame
             ... on level 4 of the Dungeon.
             The game lasted 00:09:11 (2406 turns).

Dorkslayer the Shield-Bearer (Demigod Fighter)      Turns: 2406, Time: 00:09:11

Health: -1/51      AC: 11    Str: 23      XL:     6   Next: 42%
Magic:  10/10      EV: 10    Int: 12      God:
Gold:   1369       SH: 10    Dex: 12 (15) Spells: 5/5 levels left

rFire    . . .     SeeInvis .   a - +0 long sword
rCold    . . .     Gourm    .   c - +0 kite shield
rNeg     . . .     Faith    .   b - +0 scale mail
rPois    .         Spirit   .   m - +2 helmet
rElec    .         Reflect  .   (no cloak)
rCorr    .         Harm     .   p - +0 pair of gloves
MR       .....                  (no boots)
Stlth    +.........             (no amulet)
HPRegen  0.17/turn              (no ring)
MPRegen  0.12/turn              (no ring)

@: no status effects
A: high mp 1
a: no special abilities


You were on level 4 of the Dungeon.
You were not hungry.

You visited 2 branches of the dungeon, and saw 5 of its levels.

You collected 1369 gold pieces.

Inventory:

Hand Weapons
 a - a +0 long sword (weapon)
Armour
 b - a +0 scale mail (worn)
 c - a +0 kite shield (worn)
 m - a +2 helmet (worn)
 p - a +0 pair of gloves (worn)
Wands
 o - a wand of acid (3)
 q - a wand of polymorph (9)
Scrolls
 e - a scroll of fear
 j - 5 scrolls of remove curse
 l - a scroll of teleportation
 r - a scroll of enchant armour
Potions
 d - 2 potions of magic
 g - a potion of mutation
 h - a potion of cancellation
 i - a potion of ambrosia
 n - a potion of curing
Comestibles
 f - 7 rations
 k - 5 chunks of flesh


   Skills:
 + Level 3.3(5.0) Fighting
 + Level 4.0 Long Blades
 + Level 3.6(5.1) Armour
 + Level 1.1(4.3) Dodging
 + Level 4.1(5.3) Shields
 * Level 2.1 Evocations


You had 5 spell levels left.
You didn't know any spells.
Your spell library contained the following spells:

 Spells                   Type           Power        Failure   Level  Hunger
 Confusing Touch          Hex            #.......     99%         3    ###....
 Gell's Gravitas          Tloc           #.........   99%         3    ###....
 Petrify                  Tmut/Erth      #.......     100%        4    #####..
 Metabolic Englaciation   Hex/Ice        #.........   100%        5    ######.
 Yara's Violent Unravell  Hex/Tmut       #.........   100%        5    ######.


Dungeon Overview and Level Annotations

Branches:
Dungeon (4/10)             Temple (1/1) D:2


Innate Abilities, Weirdness & Mutations

You have an increased reservoir of magic. (+10% MP)


Message History

The orc hits you but does no damage.
You hit the orc but do no damage.
The orc is lightly wounded.
You hear some strange, mumbled words.
A puff of flame appears from out of thin air!
The puff of flame hits you!
* * * LOW HITPOINT WARNING * * *
The orc barely misses you.
You feel better.
You hear a zap.
A puff of flame appears from out of thin air!
The puff of flame hits you.
* * * LOW HITPOINT WARNING * * *
Okay, then.
Eat one of 6 chunks of flesh? (ye/n/q)
You eat one of the 6 chunks of flesh.
This raw flesh tastes terrible.
You hear a zap.
A puff of flame appears from out of thin air!
The puff of flame hits you!
You die...

# ... ######.....
########o{@.......
######.....##Z###......
##.........<##.h## .....
...####.....###hg# .....
.######..)..# ##o#......
...........## #Z#......
..[)........####..#....h
........#..........#
#..##.###........$.#


You could see an orc, a jackal (wandering) and a hound skeleton.

Vanquished Creatures
  The ghost of Wombat the Shield-Bearer, an amateur FoFi (D:3)
  A centaur zombie (D:3)
  A quasit (D:3)
  An orc priest (D:3)
  A worker ant (D:4)
  Ijyb (D:3)
  A killer bee zombie (D:3)
  A worker ant zombie (D:3)
  Robin (D:3)
  2 adders (D:3)
  An ooze (D:1)
  2 worms
  3 dart slugs
  A leopard gecko (D:3)
  8 orcs
  2 giant cockroaches
  14 goblins
  9 hobgoblins
  5 jackals
  11 kobolds
  A quokka (D:2)
  A ball python (D:2)
  9 bats
  2 frilled lizards
  8 rats
88 creatures vanquished.

Notes
Turn   | Place    | Note
-------+----------+-------------------------------------------
     0 | D:1      | Dorkslayer the Demigod Fighter began the quest for the Orb.
     0 | D:1      | Reached XP level 1. HP: 18/18 MP: 3/3
   103 | D:1      | Reached XP level 2. HP: 21/25 MP: 4/4
   936 | D:2      | Reached XP level 3. HP: 18/30 MP: 5/5
   976 | D:2      | Found a sparkling altar of Nemelex Xobeh.
  1059 | D:2      | Found a staircase to the Ecumenical Temple.
  1075 | Temple   | Entered the Ecumenical Temple
  1085 | D:2      | Found a faded altar of an unknown god.
  1689 | D:3      | Reached XP level 4. HP: 29/38 MP: 6/6
  1714 | D:3      | Noticed Robin
  1715 | D:3      | Killed Robin
  1715 | D:3      | Reached skill level 1 in Evocations
  1761 | D:3      | Found a runed translucent gate.
  1773 | D:3      | Reached XP level 5. HP: 24/45 MP: 8/8
  1785 | D:3      | Found a runed translucent gate.
  1930 | D:3      | Found a runed translucent gate.
  1934 | D:3      | Noticed Wombat's ghost (amateur FoFi)
  1954 | D:3      | Killed Wombat's ghost
  1954 | D:3      | Reached XP level 6. HP: 41/51 MP: 8/10
  2072 | D:3      | Found an ornate altar of the Wu Jian Council.
  2072 | D:3      | Found a glowing golden altar of the Shining One.
  2097 | D:3      | Noticed Ijyb
  2102 | D:3      | Killed Ijyb
  2102 | D:3      | Reached skill level 1 in Dodging
  2406 | D:4      | Killed from afar by an orc wizard

Levels and vault maps discovered:
D:1:      dpeg_arrival_round_b, layout_basic
D:2:      layout_basic, nicolae_overflow_crystal_walls,
          minmay_temple_entry_arrows, chequers_ecumenical_altar_simple_redux
D:3:      layout_rooms, gammafunk_temple_overflow_statue, first_ration,
          gammafunk_ghost_necromancy, minmay_box_of_dots, uniq_ijyb, uniq_robin
D:4:      layout_rooms
Temple:   dpeg_chambers_temple

Skill      XL: |  1  2  3  4  5  6 |
---------------+-------------------+-----
Long Blades    | 2 3 4 |  4.0
Shields        | 3 4 |  4.1
Armour         | 3 |  3.6
Fighting       | 3 |  3.3
Evocations     | 1 2 |  2.1
Dodging        | 1 |  1.1

Action                   |  1- 3 |  4- 6 || total
-------------------------+-------+-------++-------
Melee: Long sword        |   138 |   165 ||   303
Evoke: Wand              |       |     6 ||     6
  Use: Scroll            |     1 |       ||     1
       Potion            |       |     3 ||     3
  Eat: Chunk             |     3 |     3 ||     6
Armor: Scale mail        |    53 |    83 ||   136
Dodge: Dodged            |    64 |    81 ||   145
Block: Kite shield       |    97 |   104 ||   201
       Rpst.: Long sword |    19 |    18 ||    37
